 Dungeon Crawl Stone Soup version 0.28.0-53-g5a82cb258f (webtiles) character file.

Game seed: 13129684279307673060

1300 gandrick575 the Conjurer (level 8, -1/53 HPs)
             Began as a Human Conjurer on June 11, 2022.
             Was a Believer of Lugonu.
             Slain by an orc wizard
             ... wielding a +0 dagger
              (3 damage)
             ... on level 6 of the Dungeon on June 12, 2022.
             The game lasted 02:03:38 (10725 turns).

gandrick575 the Conjurer (Human Conjurer)          Turns: 10725, Time: 02:03:39

Health: -1/53      AC:  7    Str:  8    XL:     8   Next: 87%
Magic:  16/16      EV: 12    Int: 20    God:    Lugonu [**....]
Gold:   168        SH:  0    Dex: 12    Spells: 13/18 levels left

rFire   + . .      SeeInvis .   i - +0 quarterstaff
rCold   + . .      Faith    .   (shield currently unavailable)
rNeg    . . .      Spirit   .   a - +0 robe
rPois   +          Reflect  .   (no helmet)
rElec   +          Harm     .   (no cloak)
rCorr   +          Rampage  .   o - +0 pair of gloves
Will    .....                   (no boots)
Stlth   ++........              G - amulet of magic regeneration
HPRegen 0.17/turn               e - +4 ring of protection
MPRegen 0.55/turn               (no ring)

@: resistant
A: no striking features
a: Renounce Religion, Depart the Abyss, Bend Space


You were on level 6 of the Dungeon.
You worshipped Lugonu.
Lugonu was pleased with you.
You visited 1 branch of the dungeon, and saw 6 of its levels.

You collected 468 gold pieces.
You spent 300 gold pieces at shops.

Inventory:

Hand Weapons
 f - a +0 spear
 i - a +0 quarterstaff (weapon)
 k - a +0 dagger of pain
 v - a +0 hunting sling
 x - a +2 dagger of flaming
Missiles
 g - 203 stones
 m - 10 poisoned darts (quivered)
Armour
 a - a +0 robe (worn)
 o - a +0 pair of gloves (worn)
 u - an orb of mayhem
Jewellery
 e - a +4 ring of protection (left hand)
 G - an amulet of magic regeneration (around neck)
Wands
 y - a wand of charming (4)
 D - a wand of paralysis (15)
 E - a wand of flame (14)
Scrolls
 b - a scroll of holy word {unknown}
 h - 4 scrolls of noise
 j - a scroll of silence
 l - a scroll of identify
 p - a scroll of enchant armour {unknown}
 r - a scroll of amnesia
 t - 4 scrolls of teleportation
 z - a scroll of immolation {unknown}
 B - a scroll of fear {unknown}
Potions
 c - a potion of heal wounds {unknown}
 d - a potion of might {unknown}
 n - a potion of resistance
 q - a potion of haste {unknown}
 s - a potion of berserk rage {unknown}
 w - a potion of curing {unknown}
 A - a potion of mutation {unknown}
 C - a potion of magic {unknown}
 H - a potion of degeneration {unknown}


   Skills:
 + Level 0.5 Fighting
 + Level 1.2 Staves
 + Level 2.0 Throwing
 + Level 2.6 Dodging
 + Level 3.6 Stealth
 * Level 5.9 Spellcasting
 * Level 6.4 Conjurations
 * Level 2.7 Translocations
 + Level 2.9 Invocations


You had 13 spell levels left.
You knew the following spells:

 Your Spells              Type           Power      Damage    Failure   Level
a - Magic Dart            Conj           100%       1d8       1%          1
b - Searing Ray           Conj           62%        2d6       1%          2
c - Blink                 Tloc           34%        N/A       4%          2

Your spell library contained the following spells:

 Spells                   Type           Power      Damage    Failure   Level
 Apportation              Tloc           34%        N/A       3%          1
 Dazzling Flash           Conj/Hex       36%        N/A       9%          3
 Animate Skeleton         Necr           10%        N/A       11%         1
 Summon Small Mammal      Summ           20%        N/A       11%         1
 Iskenderun's Mystic Bla  Conj/Tloc      24%        2d7       16%         4
 Fulminant Prism          Conj/Hex       9%         3d7       28%         4
 Manifold Assault         Tloc           17%        N/A       67%         5
 Storm Form               Tmut/Air       2%         N/A       100%        7


Dungeon Overview and Level Annotations

Branches:
Dungeon (6/15)             Temple (0/1) D:6

Altars:
Cheibriados
Gozag
Nemelex Xobeh
Okawaru
Ru
Trog
Wu Jian
Xom
The Shining One
Lugonu

Shops:
D:1 ?:*?=   D:5 =

Annotations:
D:6 2 transporters, trickyswaf's ghost, novice DEFE


Message History

You closely miss something.
A nearby plant withers and dies.
You hear some strange, mumbled words.
A magic dart appears from out of thin air!
The magic dart hits you.
* * * LOW HITPOINT WARNING * * *
You're too confused to cast spells.
You are too confused!
You are too confused!
You miss something. Something hits you.
* * * LOW HITPOINT WARNING * * *
You hear some strange, mumbled words.
A magic dart appears from out of thin air!
The magic dart hits you.
* * * LOW HITPOINT WARNING * * *
The orc hits you but does no damage.
You feel protected. Something hits you.
* * * LOW HITPOINT WARNING * * *
Something hits you but does no damage. The orc barely misses you.
You're too confused to cast spells.
You bump into the stone wall.
Something hits you.
* * * LOW HITPOINT WARNING * * *
Something hits you.
* * * LOW HITPOINT WARNING * * *
The orc closely misses you.
You're too confused to cast spells.
You hear some strange, mumbled words.
A puff of flame appears from out of thin air!
The puff of flame misses you.
You're too confused to cast spells.
You hit the plant.
The plant begins to die.
The plant is lightly damaged.
The orc barely misses you. Something hits you but does no damage.
Something hits you.
* * * LOW HITPOINT WARNING * * *
You hit the plant.
The plant is lightly damaged.
You feel less confused. The orc barely misses you. Something hits you.
You die...

#....[....####....
#.........+ +....
##.........####....
#.............'....
#...........###....
#....P......# #####
#.##.##.....#
##P#...#.....#
#..@{>..)....#
......P#o..#P....#
.....+.##.##..?..#
#... ###P.P..)...#
#.. ##...###### ..
##### #


You could see an orc.

Vanquished Creatures
  A black bear (D:4)
  A sky beast (D:5)
  An ice beast (D:5)
  A necrophage (D:4)
  3 scorpions
  6 killer bees (D:6)
  A bullfrog zombie (D:5)
  3 hounds
  An orc priest (D:4)
  A bullfrog skeleton (D:5)
  2 iguanas
  3 orc wizards
  A killer bee zombie (D:5)
  A hound skeleton (D:5)
  4 adders
  A white imp (D:5)
  An adder skeleton (D:3)
  2 worms (D:3)
  A dart slug (D:1)
  26 orcs
  4 bats
  6 endoplasms
  5 giant cockroaches
  7 goblins
  8 hobgoblins
  7 kobolds
  7 quokkas
  8 ball pythons
  5 frilled lizards
  4 rats
122 creatures vanquished.

Vanquished Creatures (others)
  2 plants (D:6)
2 creatures vanquished.

Grand Total: 124 creatures vanquished

Notes
Turn   | Place    | Note
-------+----------+-------------------------------------------
     0 | D:1      | gandrick575 the Human Conjurer began the quest for the Orb.
     0 | D:1      | Reached XP level 1. HP: 13/13 MP: 3/3
   174 | D:1      | Found Rikudu's Magic Scroll Shop.
   351 | D:1      | Found Teifaps's Book Emporium.
   367 | D:1      | Reached XP level 2. HP: 19/19 MP: 1/5
   691 | D:1      | Found Ycuocos's General Store.
  1020 | D:1      | Learned a level 2 spell: Searing Ray
  1077 | D:1      | Reached XP level 3. HP: 24/24 MP: 2/6
  1144 | D:1      | Found Saschaih's Magic Scroll Boutique.
  1153 | D:1      | Found Lyis's Jewellery Boutique.
  2512 | D:3      | Reached XP level 4. HP: 30/30 MP: 4/7
  2871 | D:3      | Reached skill level 5 in Conjurations
  3197 | D:3      | Found a sparkling altar of Nemelex Xobeh.
  3267 | D:3      | Noticed a scorpion
  3279 | D:3      | Killed a scorpion
  3280 | D:3      | Reached XP level 5. HP: 29/35 MP: 1/9
  3581 | D:3      | Found a faded altar of an unknown god.
  4018 | D:4      | Reached skill level 1 in Staves
  4018 | D:4      | Reached XP level 6. HP: 39/41 MP: 4/11
  4294 | D:4      | Reached skill level 1 in Throwing
  4873 | D:4      | Found an opulent altar of Gozag.
  5517 | D:3      | Prayed at the altar of an unknown god.
  5517 | D:3      | Became a worshipper of Lugonu the Unformed
  5517 | D:3      | Reached * piety under Lugonu
  5517 | D:3      | Reached ** piety under Lugonu
  5521 | D:3      | Learned a level 2 spell: Blink
  6633 | D:4      | Noticed a black bear
  6635 | D:4      | Noticed a necrophage
  6644 | D:4      | Killed a black bear
  6645 | D:4      | Reached skill level 1 in Translocations
  6645 | D:4      | Reached skill level 1 in Invocations
  6661 | D:4      | Killed a necrophage
  6662 | D:4      | Reached XP level 7. HP: 21/44 MP: 2/13
  7521 | D:4      | Found a sacrificial altar of Ru.
  7526 | D:4      | Found a snail-covered altar of Cheibriados.
  7530 | D:4      | Found an iron altar of Okawaru.
  7899 | D:5      | Entered Level 5 of the Dungeon
  7938 | D:5      | Found Wiaw's Jewellery Emporium.
  8527 | D:5      | Reached XP level 8. HP: 53/53 MP: 7/14
  8837 | D:5      | Reached skill level 5 in Spellcasting
  9397 | D:5      | Found a bloodstained altar of Trog.
  9633 | D:5      | Found a glowing golden altar of the Shining One.
  9769 | D:5      | Bought an amulet of magic regeneration for 300 gold pieces
 10003 | D:6      | Found a transporter.
 10007 | D:6      | Found a transporter.
 10029 | D:6      | Noticed trickyswaf's ghost (novice DEFE)
 10058 | D:6      | Reached skill level 6 in Conjurations
 10184 | D:6      | Found an ornate altar of the Wu Jian Council.
 10197 | D:6      | Found a shimmering altar of Xom.
 10699 | D:6      | Found a staircase to the Ecumenical Temple.
 10724 | D:6      | HP: 1/53 [something (2)]
 10725 | D:6      | Slain by an orc wizard

Illustrated notes

Levels and vault maps discovered:
D:1:      dpeg_arrival_long_road, layout_basic, serial_shops,
          nicolae_shop_crystal, shop_scrolls, nicolae_shop_waterfront,
          nicolae_shop_behind_doors, nicolae_square_shop
D:2:      layout_loops_cross, dk_noncrumbling_3
D:3:      wander_river, layout_loops_corners, nemelex_spade_bored_becter,
          gup_sewer_entry_glass, shapermc_ecumenical_altar_starsandcircs,
          minmay_pentangle
D:4:      layout_basic, mainiacjoe_overflow_alcove_4,
          minmay_overflow_temple_star_quad
D:5:      layout_layer_cave, nicolae_tso_swordbearing_angel,
          trog_butcher_becter, serial_shops, kennysheep_mini_moat,
          nrook_mini_backslash, ebering_dispersal_statue_hall, st_stairs_2
D:6:      layout_basic, amethyst_overflow_temple_binary,
          minmay_temple_entry_gardened_gates, gammafunk_ghost_hive,
          kennysheep_generic_room_5

Skill      XL: |  1  2  3  4  5  6  7  8 |
---------------+-------------------------+-----
Conjurations   | 5 6 |  6.4
Spellcasting   | 3 4 5 |  5.9
Staves         | 1 |  1.2
Throwing       | 1 2 |  2.0
Translocations | 1 2 |  2.7
Invocations    | 1 2 |  2.9
Stealth        | 3 |  3.6
Fighting       | |  0.5
Dodging        | |  2.6

Action                   |  1- 3 |  4- 6 |  7- 9 || total
-------------------------+-------+-------+-------++-------
Melee: Unarmed           |     7 |       |       ||     7
       Dagger            |     2 |       |       ||     2
       Quarterstaff      |     4 |    35 |     6 ||    45
Throw: Dart              |       |    24 |    17 ||    41
 Cast: Magic Dart        |    40 |    26 |    41 ||   107
       Searing Ray       |    16 |    25 |    36 ||    77
       Blink             |       |    22 |     8 ||    30
Invok: Bend Space        |       |    20 |     2 ||    22
  Use: Scroll            |       |     4 |     1 ||     5
       Potion            |       |       |     1 ||     1
Armor: Robe              |     9 |    21 |    14 ||    44
Dodge: Dodged            |    13 |    44 |    31 ||    88
